 Dungeon Crawl Stone Soup version 0.22.0-2-ge58baed0e8 (webtiles) character file.

543 lenfi the Stinger (level 7, -1/60 HPs)
             Began as a Naga Venom Mage on Aug 13, 2018.
             Slain by a centaur (6 damage)
             ... on level 6 of the Dungeon.
             The game lasted 01:41:45 (4330 turns).

lenfi the Stinger (Naga Venom Mage)                 Turns: 4330, Time: 01:41:50

Health: -1/60      AC:  6    Str: 10    XL:     7   Next: 27%
Magic:  8/11       EV:  9    Int: 17    God:
Gold:   163        SH:  0    Dex: 12    Spells: 6/12 levels left

rFire    . . .     SeeInvis +   t - +3 quarterstaff (chaos)
rCold    . . .     Gourm    .   (shield currently unavailable)
rNeg     . . .     Faith    .   x - +0 leather armour
rPois    +         Spirit   .   (no helmet)
rElec    .         Reflect  .   y - +1 cloak
rCorr    .         Harm     .   m - +0 pair of gloves
MR       .....                  (no barding)
Stlth    ++........             o - amulet of magic regeneration
HPRegen  0.20/turn              e - ring of see invisible
MPRegen  0.37/turn              r - ring of wizardry

@: very slow
A: large, see invisible, deformed body, poison resistance, slowness 2, slow
metabolism 1, spit poison 1, AC +2
a: Spit Poison


You were on level 6 of the Dungeon.
You were hungry.

You visited 1 branch of the dungeon, and saw 6 of its levels.

You collected 163 gold pieces.

Inventory:

Hand Weapons
 t - a +3 quarterstaff of chaos (weapon)
Missiles
 g - 99 stones
 k - 70 arrows
 A - 16 sling bullets
 D - 3 tomahawks (quivered)
Armour
 m - a +0 pair of gloves (worn)
 x - a +0 leather armour (worn)
 y - a +1 cloak (worn)
Jewellery
 e - a ring of see invisible (left hand)
 o - an amulet of magic regeneration (around neck)
 r - a ring of wizardry (right hand)
Wands
 q - a wand of iceblast (8)
 u - a wand of paralysis (15)
 w - a wand of polymorph (8)
 C - a wand of clouds (6)
Scrolls
 a - a scroll of fog {unknown}
 b - a scroll of immolation {unknown}
 h - a scroll of random uselessness {unknown}
 i - 2 scrolls of identify
 l - a scroll of teleportation {unknown}
 n - a scroll of remove curse {unknown}
 v - a scroll of enchant weapon {unknown}
 B - a scroll of fear {unknown}
 E - a scroll of amnesia {unknown}
Potions
 d - a potion of heal wounds {unknown}
 f - 2 potions of cancellation {unknown}
 j - 3 potions of curing {unknown}
 p - a potion of mutation {unknown}
 z - a potion of ambrosia {unknown}
Comestibles
 c - 7 rations
 s - a chunk of flesh


   Skills:
 - Level 2.1 Fighting
 * Level 3.3 Staves
 - Level 2.0 Dodging
 - Level 4.0 Stealth
 + Level 3.0 Spellcasting
 - Level 2.1 Conjurations
 * Level 2.4 Air Magic
 + Level 5.3 Poison Magic
 * Level 1.5 Evocations


You had 6 spell levels left.
You knew the following spells:

 Your Spells              Type           Power        Failure   Level  Hunger
a - Sting                 Conj/Pois      ###.         1%          1    None
b - Poisonous Vapours     Pois/Air       ###...       2%          2    ##.....
c - Mephitic Cloud        Conj/Pois/Air  ##......     8%          3    ###....

Your spell library contained the following spells:

 Spells                   Type           Power        Failure   Level  Hunger
 Venom Bolt               Conj/Pois      ###.......   45%         5    ######.
 Olgreb's Toxic Radiance  Pois           ###.....     11%         4    ####...


Dungeon Overview and Level Annotations

Branches:
Dungeon (6/15)             Temple (0/1) D:5

Altars:
Elyvilon
Fedhas
Gozag
Ru
Wu Jian


Innate Abilities, Weirdness & Mutations

You cannot wear boots.
Your serpentine skin is tough. (AC +2)
You have supernaturally acute eyesight. (SInv)
Armour fits poorly on your strangely shaped body.
Your system is resistant to poisons. (rPois)
You cover ground very slowly.
You have a slow metabolism.
You can spit poison.


Message History

An ogre comes into view. It is wielding a giant spiked club.
The centaur barely misses you.
You hit the centaur but do no damage.
The centaur is heavily wounded.
The centaur completely misses you. The centaur barely misses you.
You closely miss the centaur.
The centaur is heavily wounded.
The centaur barely misses you.
Casting: Mephitic Cloud (safe; 8% risk of failure)
Confirm with . or Enter, or press ? or * to list all spells.
Aiming: Mephitic Cloud (safe; 8% risk of failure)
Press: ? - help, Shift-Dir - straight line, f/p - orc
Aim: an orc, wielding a flail and wearing a shiny ring mail (moderately wounded, confused)
The ball explodes into a vile cloud!
The stinking cloud engulfs the ogre.
The stinking cloud engulfs the centaur.
The centaur is heavily wounded.
The stinking cloud engulfs you!
You hear a bark!
You hear an angry hiss.
You hear a bark!
You hear a shout!
The centaur hits you.
You die...

#.# #.# . #####.##
. #....... #.##
#....... ##..#
#>......
#...####.......
###§o#..#.........
#@O.##............
#c####............
#.##(#
#............
#...<#
#.........<.[
.....(###
#############
.....> ...c. c####


You could see an ogre, a centaur and an orc (confused).

Vanquished Creatures
  A sky beast (D:4)
  A phantom (D:2)
  An ogre (D:5)
  An orc priest (D:6)
  A bullfrog skeleton (D:5)
  Crazy Yiuf (D:2)
  A centaur skeleton (D:5)
  4 worker ants
  2 oozes
  2 worms (D:3)
  2 dart slugs
  2 leopard geckos
  5 orcs
  2 goblins (D:1)
  4 hobgoblins
  15 jackals
  6 kobolds (D:1)
  A quokka (D:4)
  5 bats
  5 frilled lizards
  A jackal skeleton (D:4)
  3 rats
66 creatures vanquished.

Notes
Turn   | Place    | Note
-------+----------+-------------------------------------------
     0 | D:1      | lenfi the Naga Venom Mage began the quest for the Orb.
     0 | D:1      | Reached XP level 1. HP: 15/15 MP: 3/3
   593 | D:1      | Reached XP level 2. HP: 22/22 MP: 0/5
   642 | D:1      | Learned a level 2 spell: Poisonous Vapours
  1633 | D:1      | Reached XP level 3. HP: 6/30 MP: 6/6
  2312 | D:2      | Found a runed door.
  2316 | D:2      | Noticed Crazy Yiuf
  2318 | D:2      | Killed Crazy Yiuf
  2318 | D:2      | Reached skill level 1 in Air Magic
  2318 | D:2      | Reached XP level 4. HP: 37/37 MP: 4/7
  2488 | D:2      | Noticed a phantom
  2534 | D:2      | Killed a phantom
  2534 | D:2      | Reached skill level 1 in Fighting
  2534 | D:2      | Reached XP level 5. HP: 15/44 MP: 8/8
  2812 | D:3      | Reached skill level 5 in Poison Magic
  2840 | D:4      | Reached skill level 1 in Staves
  2981 | D:4      | Learned a level 3 spell: Mephitic Cloud
  3069 | D:4      | Noticed a sky beast
  3076 | D:4      | Killed a sky beast
  3076 | D:4      | Reached XP level 6. HP: 52/52 MP: 2/10
  3525 | D:4      | Reached skill level 1 in Evocations
  3842 | D:4      | Found an opulent altar of Gozag.
  3884 | D:5      | Entered Level 5 of the Dungeon
  3988 | D:5      | Found a staircase to the Ecumenical Temple.
  4040 | D:5      | Reached XP level 7. HP: 60/60 MP: 11/11
  4208 | D:5      | Found a sacrificial altar of Ru.
  4238 | D:5      | Found a blossoming altar of Fedhas.
  4265 | D:5      | Found an ornate altar of the Wu Jian Council.
  4287 | D:5      | Found a white marble altar of Elyvilon.
  4330 | D:6      | Slain by a centaur

Skill      XL: |  1  2  3  4  5  6  7 |
---------------+----------------------+-----
Air Magic      | 1 2 |  2.4
Fighting       | 1 2 |  2.1
Dodging        | 2 |  2.0
Stealth        | 4 |  4.0
Poison Magic   | 5 |  5.3
Staves         | 1 2 3 |  3.3
Conjurations   | 2 |  2.1
Evocations     | 1 |  1.5
Spellcasting   | 3 |  3.0

Action                   |  1- 3 |  4- 6 |  7- 9 || total
-------------------------+-------+-------+-------++-------
Melee: Unarmed           |    19 |       |       ||    19
       Spear             |    20 |       |       ||    20
       Quarterstaff      |       |    61 |    18 ||    79
Throw: Stone             |    18 |    66 |    13 ||    97
 Cast: Sting             |    11 |       |       ||    11
       Poisonous Vapours |    14 |    15 |     4 ||    33
       Mephitic Cloud    |       |     1 |     2 ||     3
 Abil: Spit Poison       |     9 |     8 |     1 ||    18
  Use: Scroll            |       |     1 |       ||     1
 Stab: Distracted        |       |     1 |       ||     1
       Paralysed         |       |       |     1 ||     1
  Eat: Chunk             |     4 |     5 |     2 ||    11
Armor: Robe              |    11 |    10 |       ||    21
       Leather armour    |       |    12 |     7 ||    19
Dodge: Dodged            |    27 |    28 |    16 ||    71
